 Dungeon Crawl Stone Soup version 0.27.0-1-g7a089689b8 (webtiles) character file.

Game seed: 1872475992264627948

64 thirtiethelement the Skirmisher (level 3, 0/30 HPs)
             Began as a Demonspawn Abyssal Knight on Aug 9, 2021.
             Was a Follower of Lugonu.
             Slain by a worm (10 damage)
             ... on level 2 of the Dungeon.
             The game lasted 00:02:57 (1525 turns).

thirtiethelement the Skirmisher (DsAK)              Turns: 1525, Time: 00:02:57

Health: 0/30       AC:  4    Str: 13    XL:     3   Next: 91%
Magic:  4/4        EV: 10    Int: 13    God:    Lugonu [*.....]
Gold:   67         SH:  3    Dex: 12    Spells: 2/2 levels left

rFire    . . .     SeeInvis .   a - +1 falchion
rCold    . . .     Faith    .   e - +0 buckler
rNeg     + . .     Spirit   .   b - +0 leather armour
rPois    .         Reflect  .   (no helmet)
rElec    .         Harm     .   (no cloak)
rCorr    .         Rampage  .   d - +0 pair of gloves
Will     .....                  (no boots)
Stlth    +.........             (no amulet)
HPRegen  0.10/turn              g - ring of positive energy
MPRegen  0.09/turn              (no ring)

@: no status effects
A: demonic magic 1
a: Renounce Religion, Depart the Abyss


You were on level 2 of the Dungeon.
You worshipped Lugonu.
Lugonu was aware of your devotion.
You visited 1 branch of the dungeon, and saw 2 of its levels.
You visited the Abyss 1 time.

You collected 67 gold pieces.

Inventory:

Hand Weapons
 a - a +1 falchion (weapon)
Armour
 b - a +0 leather armour (worn)
 d - a +0 pair of gloves (worn)
 e - a +0 buckler (worn)
Jewellery
 g - a ring of positive energy (left hand)
Scrolls
 c - a scroll of teleportation
 f - a scroll of vulnerability {unknown}
 i - a scroll of identify
Potions
 h - a potion of heal wounds {unknown}


   Skills:
 + Level 3.9 Fighting
 + Level 2.5 Long Blades
 + Level 2.2 Armour
 + Level 1.2 Dodging
 + Level 2.4 Invocations


You had 2 spell levels left.
You didn't know any spells.
Your spell library was empty.

Dungeon Overview and Level Annotations

Branches:
Dungeon (2/15)

Altars:


Innate Abilities, Weirdness & Mutations

Spells you cast may paralyse adjacent enemies.


Message History

You slash the hobgoblin!
You kill the hobgoblin!
Lugonu accepts your kill.
No target in view!
A worm comes into view.
Found a pair of boots.
Found 21 stones.
You hit the worm.
The worm is moderately wounded.
The worm bites you!
You hit the worm.
The worm is heavily wounded.
The worm misses you.
You hit the worm.
The worm is heavily wounded.
The worm closely misses you.
You riposte.
You completely miss the worm.
The worm is heavily wounded.
You barely miss the worm.
The worm is heavily wounded.
You barely miss the worm.
The worm is heavily wounded.
The worm barely misses you.
You hit the worm.
The worm is heavily wounded.
The worm completely misses you.
You riposte.
You barely miss the worm.
The worm is moderately wounded.
You hit the worm but do no damage.
The worm is moderately wounded.
The worm bites you.
You hit the worm but do no damage.
The worm is moderately wounded.
You hit the worm.
The worm is heavily wounded.
The worm bites you!
* * * LOW HITPOINT WARNING * * *
You are too injured to fight recklessly!
You hit the worm but do no damage.
The worm is heavily wounded.
The worm bites you!
You die...

## .# ####( ##...##
##.....####
#..w.....[.
#..@....# #.......#
..# ...
##/....######.###...
##.....###..........
#.......#...........
#...................
#..................#
##.....#)..........#
##...............#.


You could see a worm.

Vanquished Creatures
  2 adders (D:2)
  4 bats (D:1)
  5 endoplasms
  3 giant cockroaches
  3 goblins
  8 hobgoblins
  3 jackals (D:2)
  4 kobolds (D:1)
  A quokka (D:1)
  3 ball pythons
  6 rats
42 creatures vanquished.

Notes
Turn   | Place    | Note
-------+----------+-------------------------------------------
     0 | Abyss:1  | thirtiethelement the Demonspawn Abyssal Knight began the
                  | quest for the Orb.
     0 | Abyss:1  | Reached XP level 1. HP: 18/18 MP: 2/2
    43 | Abyss:2  | Found a corrupted altar of Lugonu.
    73 | Abyss:2  | Noticed a neqoxec
    80 | Abyss:2  | Noticed a raiju
    81 | D:1      | Escaped the Abyss
   488 | D:1      | Gained mutation: Spells you cast may paralyse adjacent
                  | enemies. [demonic ancestry]
   488 | D:1      | Reached XP level 2. HP: 24/24 MP: 3/3
   613 | D:1      | Reached * piety under Lugonu
  1147 | D:1      | Reached XP level 3. HP: 28/30 MP: 4/4
  1254 | D:2      | Reached skill level 1 in Dodging
  1525 | D:2      | Slain by a worm

Illustrated notes

Levels and vault maps discovered:
D:1:      psy_arrival_conway, layout_loops_cross, serial_glass, glass_columns_a,
          glass_columns_a, glass_columns_b
D:2:      layout_rooms

Skill      XL: |  1  2  3 |
---------------+----------+-----
Long Blades    | 2 |  2.5
Armour         | 2 |  2.2
Dodging        | 1 |  1.2
Fighting       | |  3.9
Invocations    | |  2.4

Action                   || total
-------------------------++-------
Melee: Falchion          ||   107
Throw: Boomerang         ||     3
Invok: Depart the Abyss  ||     1
  Use: Scroll            ||     4
Armor: Leather armour    ||    44
Dodge: Dodged            ||    60
Block: Buckler           ||     6
       Rpst.: Falchion   ||    25
